AoeStats
← Azatapower

Arabia

505488798Analyzed
1v1 RM · 22d ago on Sep 9, 2026· 36m 37s· 2 players
Game mode
Random Map
Map size
Tiny (2 player)
Population
200
Speed
Normal
Resources
Standard
Victory
Conquest
Starting age
Dark Age
Ending age
Imperial Age
RankedLock teamsTeams togetherTeam positionsShared explorationLock speedFull tech treeHidden civsTurbo modeCheats
Victory
Defeat
🇦🇷 Japanese · Argentina
1308
+17
🇧🇷 Mongols · Brazil
1326
-17
Matone
6:37 Loom
9:27 Feudal Age
9:28 Man-at-Arms
12:22 Fletching
14:45 Arson
17:55 Double-Bit Axe
18:45 Horse Collar
19:53 Padded Archer Armor
24:16 Castle Age
22:32 Gold Mining
24:47 Bloodlines
25:10 Bodkin Arrow
25:46 Bow Saw
26:14 Gold Shaft Mining
26:31 Ballistics
26:29 Leather Archer Armor
26:58 Husbandry
30:43 Wheelbarrow
31:51 Scale Barding Armor
32:15 Forging
33:06 Chain Barding Armor
34:05 Town Watch
34:56 Forging
36:35 Light Cavalry
Azatapower
5:45 Loom
8:50 Feudal Age
13:01 Horse Collar
17:35 Fletching
17:45 Padded Archer Armor
23:07 Castle Age
21:35 Double-Bit Axe
23:05 Scale Barding Armor
23:10 Forging
24:19 Wheelbarrow
23:58 Bloodlines
24:56 Chain Barding Armor
26:05 Husbandry
26:22 Light Cavalry
28:00 Town Watch
27:49 Elite Skirmisher
31:44 Bodkin Arrow
32:05 Leather Archer Armor
34:08 Iron Casting
Connection lost

Rejoining the realm…

Still unreachable

The connection could not be restored.

Session expired

The server has moved on; the page needs a fresh start.